cohdb
Replays
Latest Replays
All Replays
Popular Replays
Top Player Replays
Match Explorer
How It Works
Community
CoH3 Stats
Reddit
Sign in to upload your games and track your stats! →
Sign in with Steam
Match 44276162
Unlisted
Match 44276162
Overview
Messages
Build Orders
End
Royal Engineer Section
Construct Section Command Post
Dingo Light Scout Car
Vickers Machine Gun Team
Vickers Machine Gun Team
Construct Platoon Command Post
Humber Armored Car
Unlock Bishop Self-propelled Artillery
Selects Air and Sea Battlegroup
Selects Commando Section Paradrop
Selects M1 Pack Howitzer Paradrop
M1 Pack Howitzer Paradrop
Selects Supply Surplus
Bishop Self-propelled Artillery
6-pounder Anti-tank Gun Team
Construct Company Command Post
Foot Guards Section
Matilda II Heavy Tank
Bishop Self-propelled Artillery
Royal Engineer Section
Selects UNKNOWN (223837)
Selects Assault Flares
Unlock Towed 17-pounder Anti-tank Guns
RunningWithFate
Onoyk
Mark29
qrter
0
0
Comments
sign in to comment!
No comments posted yet!